 Dungeon Crawl Stone Soup version 0.30.0-19-g36f170ea60 (webtiles) character file.

Game seed: 12851962947977470284

369550 tizbic2 the Thaumaturge (level 21, -15/207 (211) HPs)
             Began as a Demonspawn Venom Mage on May 24, 2023.
             Was the Champion of Ashenzari.
             Demolished by a vault warden
             ... wielding a +0 glaive
              (25 damage)
             ... on level 5 of the Vaults on May 27, 2023.
             The game lasted 04:13:39 (34818 turns).

tizbic2 the Thaumaturge (Demonspawn Venom Mage)    Turns: 34818, Time: 04:13:40

HP:   -15/207 (211) AC: 16    Str: 12    XL:     21   Next: 31%
MP:   25/44         EV: 26    Int: 23    God:    Ashenzari [******]
Gold: 2651          SH: 21    Dex: 24    Spells: 8/58 levels left

rFire   + + +        a - staff of air of the Cursed Gloom (curse) {rElec, Elem, Evo} (curse)
rCold   + + +        X - +2 shield of Resistance {rF++ rC++ Will++, Bglg, Melee} (curse)
rNeg    . . .        n - +1 robe of the Shackled Sage {Will+, Self, Fort} (curse)
rPois   +            W - +2 hat of Ashenzari's Repose {SInv, Alch, Elem} (curse)
rElec   +            y - +2 cloak of Ashenzari's Vision {rCorr, Self, Cun} (curse)
rCorr   +            P - +2 pair of gloves of Supernal Understanding {Comp, Fort} (curse)
SInv    +            (boots unavailable)
Will    ++...        p - amulet "Adversity of Ashenzari" {Regen+, Self, Fort} (curse)
Stlth   ++++++       l - ring "Perceptive Visionary" {AC+4, Melee, Comp} (curse)
HPRegen 1.34/turn    B - ring of Curses and Power {rPois rC+ Will+ Str-3 Int+4, Elem, Comp} (curse)
MPRegen 0.29/turn

%: clarity
@: mighty, agile, weak-willed, lightly drained, invisible (expiring)
A: hooves 3, thin skeletal structure 3, powered by pain 3, robust 2, spiny 3,
large bone plates 1, agile 1, fire resistance 1, MP-powered wands
}: 3/15 runes: decaying, silver, gossamer
a: Renounce Religion, Shatter the Chains


You were on level 5 of the Vaults.
You worshipped Ashenzari.
Ashenzari was exalted by your worship.
You visited 6 branches of the dungeon, and saw 35 of its levels.
You also visited: Ice Cave.

You collected 5129 gold pieces.
You spent 2478 gold pieces at shops.

Inventory:

Hand Weapons
 w - the +2 Maxwell's thermic engine {flame, freeze, rev}
   (You found it in an ice cave)
Missiles
 A - a throwing net
Armour
 n - the cursed +1 robe of the Shackled Sage (worn) {Will+, Self, Fort}
   (You found it on level 7 of the Dungeon)

   It has a curse which improves the following skills: Introspection: Fighting
   and Spellcasting.
   Fortitude: Armour and Shields.
 y - the cursed +2 cloak of Ashenzari's Vision (worn) {rCorr, Self, Cun}
   (You found it on level 4 of the Swamp)

   It has a curse which improves the following skills: Introspection: Fighting
   and Spellcasting.
   Cunning:   Dodging and Stealth.
 P - the cursed +2 pair of gloves of Supernal Understanding (worn) {Comp, Fort}
   (You found it on level 11 of the Dungeon)

   It has a curse which improves the following skills: Companions: Summonings
   and Necromancy.
   Fortitude: Armour and Shields.
 W - the cursed +2 hat of Ashenzari's Repose (worn) {SInv, Alch, Elem}
   (You found it on level 4 of the Spider Nest)

   It has a curse which improves the following skills: Alchemy: Poison Magic and
   Transmutations.
   Elements:  Fire Magic, Ice Magic, Air Magic and Earth Magic.
 X - the cursed +2 shield of Resistance (worn) {rF++ rC++ Will++, Bglg, Melee}
   (You bought it in a shop on level 2 of the Orcish Mines)

   rF:        It greatly protects you from fire.
   rC:        It greatly protects you from cold.
   Will:      It greatly increases your willpower.
   It has a curse which improves the following skills: Beguiling: Conjurations,
   Hexes and Translocations.
   Melee Combat: Short Blades, Long Blades, Axes, Maces & Flails, Polearms,
   Staves and Unarmed Combat.
Magical Staves
 a - the cursed staff of air of the Cursed Gloom (weapon) {rElec, Elem, Evo}
   (You found it on level 1 of the Dungeon)

   [staff of air]

   Base accuracy: +5 Base damage: 5 Base attack delay: 1.2 This weapon's minimum
   attack delay (0.6) is reached at skill level 12.
   rElec:     It insulates you from electricity.
   It falls into the 'Staves' category.
   It is a one-handed weapon.
   It has a curse which improves the following skills: Elements: Fire Magic, Ice
   Magic, Air Magic and Earth Magic.
   Evocations: Evocations.
 G - a staff of poison
Jewellery
 c - a +6 ring of intelligence
 l - the cursed ring "Perceptive Visionary" (left hand) {AC+4, Melee, Comp}
   (You found it on level 3 of the Dungeon)

   [ring of protection]

   AC:        It affects your AC (+4).
   It has a curse which improves the following skills: Melee Combat: Short
   Blades, Long Blades, Axes, Maces & Flails, Polearms, Staves and Unarmed
   Combat.
   Companions: Summonings and Necromancy.
 p - the cursed amulet "Adversity of Ashenzari" (around neck) {Regen+, Self, Fort}
   (You bought it in a shop on level 5 of the Dungeon)

   [amulet of regeneration]

   Regen:     It increases your rate of health regeneration.
   It has a curse which improves the following skills: Introspection: Fighting
   and Spellcasting.
   Fortitude: Armour and Shields.
 s - a ring of flight
 B - the cursed ring of Curses and Power (right hand) {rPois rC+ Will+ Str-3 Int+4, Elem, Comp}
   (You acquired it on level 8 of the Dungeon)

   [ring of protection from cold]

   Str:       It affects your strength (-3).
   Int:       It affects your intelligence (+4).
   rC:        It protects you from cold.
   rPois:     It protects you from poison.
   Will:      It increases your willpower.
   It has a curse which improves the following skills: Elements: Fire Magic, Ice
   Magic, Air Magic and Earth Magic.
   Companions: Summonings and Necromancy.
 F - a +5 ring of evasion
 Y - the ring of Jawk {Wiz Int+3 Dex+7}
   (You found it on level 1 of the Swamp)

   [ring of wizardry]

   It improves your spell success rate.
   Int:       It affects your intelligence (+3).
   Dex:       It affects your dexterity (+7).
 Z - a +4 ring of protection
Wands
 q - a wand of charming (13)
 t - a wand of flame (81)
 v - a wand of polymorph (24)
 x - a wand of digging (3)
 L - a wand of mindburst (30)
 S - a wand of roots (41)
 U - a wand of acid (12)
Scrolls
 d - 8 scrolls of fog
 e - 10 scrolls of teleportation
 k - 8 scrolls of fear
 m - 2 scrolls of blinking
 o - 3 scrolls of brand weapon
 r - 2 scrolls of poison
 C - 3 scrolls of magic mapping
 E - 3 scrolls of silence
 I - 5 scrolls of enchant weapon
 M - 4 scrolls of amnesia
 O - 2 scrolls of torment
 Q - 4 scrolls of summoning
 T - 3 scrolls of vulnerability
Potions
 b - 7 potions of magic
 f - 5 potions of lignification
 g - 12 potions of ambrosia
 h - 2 potions of resistance
 i - 4 potions of berserk rage
 j - 8 potions of brilliance
 u - 4 potions of haste
 z - 3 potions of cancellation
 D - 2 potions of might
 H - 17 potions of curing
 J - 2 potions of flight
 K - 4 potions of mutation
 N - a potion of attraction
 R - 2 potions of invisibility
Miscellaneous
 V - a phantom mirror


   Skills:
 + Level 13.0(17.7) Fighting
 + Level 6.6(10.2) Long Blades
 - Level 7.8(11.4) Staves
 - Level 3.7(7.8) Armour
 + Level 9.2(11.7) Dodging
 - Level 2.7(4.8) Stealth
 + Level 9.7(14.4) Shields
 * Level 14.7(19.3) Spellcasting
 + Level 8.5(11.0) Conjurations
 - Level 3.9(6.2) Hexes
 + Level 14.5(19.2) Summonings
 - Level 7.0(11.7) Necromancy
 + Level 7.9(10.4) Transmutations
 * Level 12.6(17.3) Air Magic
 - Level 6.9(11.6) Earth Magic
 - Level 11.5(14.0) Poison Magic
 + Level 12.2(14.6) Evocations


You had 8 spell levels left.
You knew the following spells:

 Your Spells              Type           Power      Damage    Failure   Level
a - Ignite Poison         Fire/Tmut/Pois 57%        N/A       1%          3
b - Poisonous Vapours     Pois/Air       100%       N/A       0%          2
c - Maxwell's Capacitive  Air            50%        ∞         22%         8
d - Olgreb's Toxic Radia  Pois           72%        N/A       1%          4
e - Airstrike             Air            50%        2d(8-24)  1%          4
f - Summon Lightning Spi  Summ/Air       100%       N/A       1%          4
g - Static Discharge      Conj/Air       100%       2-7/arc   1%          2
h - Lee's Rapid Deconstr  Erth           33%        3d17*     1%          5
i - Summon Cactus Giant   Summ           42%        N/A       1%          6
j - Summon Mana Viper     Hex/Summ       69%        N/A       1%          5
k - Tukima's Dance        Hex            50%        N/A       1%          3
l - Dispel Undead         Necr           66%        3d23      1%          4

Your spell library contained the following spells:

 Spells                   Type           Power      Damage    Failure   Level
 Shock                    Conj/Air       100%       1d9       0%          1
 Call Imp                 Summ           100%       N/A       0%          2
 Swiftness                Air            100%       N/A       0%          3
 Kiss of Death            Conj/Necr      100%       2d13      1%          1
 Necrotise                Necr           100%       1d9       1%          1
 Sandblast                Erth           100%       2d20      1%          1
 Sting                    Tmut/Pois      100%       1d8       1%          1
 Cigotuvi's Dreadful Rot  Necr/Pois/Air  100%       N/A       1%          2
 Ensorcelled Hibernation  Hex/Ice        76%        N/A       1%          2
 Passwall                 Tmut/Erth      53%        N/A       1%          2
 Sublimation of Blood     Necr           66%        N/A       1%          2
 Confusing Touch          Hex            50%        N/A       1%          3
 Mephitic Cloud           Conj/Pois/Air  92%        N/A       1%          3
 Spider Form              Tmut/Pois      68%        N/A       1%          3
 Stone Arrow              Conj/Erth      100%       3d13      1%          3
 Vhi's Electric Charge    Tloc/Air       100%       N/A       1%          3
 Anguish                  Hex/Necr       29%        N/A       1%          4
 Animate Armour           Summ/Erth      100%       N/A       1%          4
 Leda's Liquefaction      Hex/Erth       29%        N/A       1%          4
 Petrify                  Tmut/Erth      64%        N/A       1%          4
 Agony                    Necr           66%        N/A       1%          5
 Arcjolt                  Conj/Air       46%        1d56      1%          5
 Blade Hands              Tmut           31%        N/A       1%          5
 Irradiate                Conj/Tmut      32%        3d22      1%          5
 Freezing Cloud           Conj/Ice/Air   39%        6-21      2%          5
 Summon Forest            Summ/Tloc      30%        N/A       2%          5
 Inner Flame              Hex/Fire       38%        N/A       3%          3
 Cause Fear               Hex            25%        N/A       3%          4
 Flame Wave               Conj/Fire      49%        2d12      3%          4
 Scorch                   Fire           50%        2d7       4%          2
 Yara's Violent Unravell  Hex/Tmut       28%        3d12      4%          5
 Haunt                    Necr/Summ      37%        N/A       6%          7
 Statue Form              Tmut/Erth      42%        N/A       7%          6
 Metabolic Englaciation   Hex/Ice        19%        N/A       28%         5
 Passage of Golubria      Tloc           23%        N/A       36%         4
 Dragon Form              Tmut           31%        N/A       45%         7
 Lehudib's Crystal Spear  Conj/Erth      32%        10d8      95%         8
 Enfeeble                 Hex            25%        N/A       96%         7


Dungeon Overview and Level Annotations

Branches:
Dungeon (15/15)            Temple (0/1) D:6            Lair (5/5) D:11
  Swamp (4/4) Lair:2       Spider (4/4) Lair:3        Slime (0/5) Lair:4
    Orc (2/2) D:12            Elf (0/3) Orc:2        Vaults (5/5) D:13
  Crypt (0/3) Vaults:3     Depths (0/4) D:15          IceCv (visited)

Altars:
Ashenzari
Cheibriados
Dithmenos
Fedhas
Gozag
Kikubaaqudgha
Nemelex Xobeh
Okawaru
Ru
Wu Jian
Xom
Yredelemnul
Jiyva

Shops:
D:4 *!   D:5 =   D:9 ?   D:14 (   Orc:1 *(   Orc:2 **([*   Vaults:1 (


Innate Abilities, Weirdness & Mutations

You have hooves in place of feet.
You have an unnaturally thin skeletal structure. (Dex +6, Stealth+++)
You are powered by pain.
You are very robust. (+20% HP)
You are completely covered in sharp spines.
You are partially covered in large bone plates. (SH +4)
You are agile. (Dex +4, Str/Int -1)
Your flesh is heat resistant. (rF+)
You expend magic power (3 MP) to strengthen your wands.


Message History

The floor.
Casting: Olgreb's Toxic Radiance (safe; 1% risk of failure)
Confirm with . or Enter, or press ? or * to list all spells.
Okay, then.
Aiming: Charm
Press: ? - help, Shift-Dir - straight line, f - sphinx
Aim: a sphinx (lightly wounded, chance to affect: 52%)
You feel a surge of power!
The sphinx is charmed.
The vault warden completely misses you. You block the shadow dragon's attack.
The shadow dragon completely misses you.
The shadow dragon barely misses you.
Aiming: Polymorph
Press: ? - help, Shift-Dir - straight line, f - shadow dragon, p - sphinx
Aim: a shadow dragon (will become a sphinx, a quicksilver dragon, or a caustic shrike, chance to affect: 9%)
Okay, then.
Unknown command.
Casting: Olgreb's Toxic Radiance (safe; 1% risk of failure)
Confirm with . or Enter, or press ? or * to list all spells.
You flicker for a moment.
The shadow dragon breathes negative energy at you.
The bolt of negative energy misses you.
The vault warden hits you from afar with a +0 glaive!!
* * * LOW HITPOINT WARNING * * *
Okay, then.
Press: ? - help, v - describe, . - travel
Here: a shadow dragon The floor, spattered with blood.
Okay, then.
Casting: Summon Cactus Giant (mildly dangerous; 1% risk of failure)
Confirm with . or Enter, or press ? or * to list all spells.
You feel a surge of power!
You begin accumulating electric charge. (Press . to continue charging.)
You feel charge building up...
You hear two shouts!
You block the shadow dragon's attack. The shadow dragon claws you.
* * * LOW HITPOINT WARNING * * *
The shadow dragon claws you.
* * * LOW HITPOINT WARNING * * *
The vault warden hits you from afar with a +0 glaive!!
You die...

,* * * * * *, ##.#....#..####..##
, ,* * ,##..#....#.C........ , ,,
,,, , ..........p........
################........#########
.........................W......,
...................<<).†........
..............Cp..<))<.C........
..............HD.))<<)).....{...,
################@..))))..#######*
,, ,,,#.....").).......,, , ,,,
∆........#)......### * ,, ,,
........#....#..#∆∆ ,, , ,,
..#.....#....#..#∆∆∆* ,{,*
,,.*##...##....# .# ∆ { *, ,,,*,
,,,, ....,#....#,.. * , * , ,*,,
, ,....., , ..#** , ,,*, , ,, ,
,,*{* * ,**,


You could see a shadow dragon, a vault warden (ally target), an ettin
(wandering, unable to see you), a friendly sphinx (charmed) and a friendly
cactus giant (summoned).

Vanquished Creatures
  A shard shrike (IceCv)
  Nikola (Spider:4)
  Arachne (Spider:3)
  Rupert (Lair:3)
  2 tentacled monstrosities
  A titan (Vaults:4)
  The ghost of Brutalitops the Bludgeoner, an adept AtHs of Xom (Orc:2)
  3 sphinxes
  Kirke (Swamp:3)
  A tengu reaver (Vaults:3)
  A shadow dragon (Vaults:5)
  3 thorn hunters
  Donald (Swamp:2)
  A fire giant (Vaults:5)
  3 fenstrider witches
  2 frost giants (Vaults:5)
  7 emperor scorpions
  6 ghost moths
  Aizul (Swamp:1)
  5 vault wardens
  16 ironbound preservers
  A stone giant (Vaults:4)
  A war gargoyle (Vaults:1)
  2 broodmothers (Spider:4)
  13 very ugly things
  8 ironbound thunderhulks
  2 vampire knights (Swamp:4)
  4 spark wasps
  A bunyip (Swamp:4)
  5 eleionomae
  10 dire elephants
  2 ettins
  4 crystal guardians
  Josephine (D:13)
  3 shambling mangroves
  4 yaktaur captains
  7 entropy weavers
  2 great orbs of eyes
  10 hydras
  29 vault guards
  2 peacekeepers
  5 boulder beetles
  A death knight (D:9)
  2 catoblepae
  14 centaur warriors
  A radroach (Spider:2)
  4 two-headed ogres
  8 ironbound frosthearts
  A dancing weapon (Vaults:5)
  2 jorogumos
  8 alligators
  A merfolk avatar (Lair:5)
  3 death yaks (Lair:5)
  4 tengu warriors
  4 orc high priests (Orc:2)
  Sonja (D:11)
  A fire crab (shapeshifter) (D:14)
  Amaemon (Lair:1)
  4 goliath frogs
  2 pharaoh ants
  3 spriggan druids
  36 deep trolls
  3 sun moths
  9 orb spiders
  A sea snake (Lair:5)
  2 orange crystal statues
  5 skysharks
  A flayed ghost (Swamp:4)
  19 steelbarb worms
  An obsidian statue (Orc:2)
  10 lindwurms
  8 wizards
  5 swamp dragons
  9 ironbound convokers
  2 orc knights
  2 necromancers (Vaults:3)
  3 spectral hydras (Swamp:4)
  5 phantasmal warriors
  A deep elf pyromancer (D:12)
  A harpy (Vaults:2)
  2 manticores
  22 wolf spiders
  A human zombie (Vaults:3)
  3 orc sorcerers
  3 oklob plants
  17 ugly things
  A tengu skeleton (Vaults:3)
  A will-o-the-wisp (Swamp:2)
  4 moths of wrath
  Maurice (D:13)
  27 elephants
  8 vault sentinels
  4 torpor snails
  5 demonic crawlers
  2 black mambas (Lair:4)
  A gargoyle (D:11)
  A black mamba (shapeshifter) (D:13)
  A stone giant skeleton (Vaults:3)
  5 cane toads
  2 unseen horrors
  An efreet (D:9)
  3 kobold demonologists
  14 rime drakes
  2 nameless horrors
  6 komodo dragons
  21 yaktaurs
  A queen bee (D:11)
  7 trolls
  16 polar bears
  7 meliai
  2 hydra zombies (Swamp:4)
  2 death drake zombies (Swamp:4)
  A tengu simulacrum (Vaults:3)
  11 tarantellas
  7 blink frogs
  2 death drake skeletons (Swamp:4)
  27 hornets
  A hydra skeleton (Swamp:4)
  6 tyrant leeches
  A snapping turtle (Lair:5)
  7 dream sheep
  2 ettin zombies (Vaults:3)
  19 slime creatures
  6 spriggans
  2 vampires
  25 jumping spiders
  A shadow (D:11)
  2 wraiths (D:13)
  21 culicivoras
  A wyvern (Lair:5)
  3 hogs (Swamp:3)
  68 yaks
  44 redbacks
  2 steam dragons
  5 vampire mosquitoes (Swamp:1)
  2 glowing shapeshifter zombies (Vaults:3)
  13 swamp worms
  4 wargs
  A hydra simulacrum (Swamp:4)
  12 water moccasins
  4 swamp drakes
  26 orc warriors
  An ice beast (D:5)
  A sky beast (D:8)
  2 black bears
  5 ogres
  14 wolves
  3 centaurs
  A phantom (D:4)
  3 kobold brigands
  8 bullfrogs
  5 scorpions
  6 wights
  33 killer bees
  3 howler monkeys (D:9)
  3 electric eels (Lair:5)
  2 gnoll boudas
  19 orc priests
  2 jellies
  4 hounds
  3 iguanas
  A sleepcap (D:6)
  Crazy Yiuf (D:5)
  Natasha (thrice) (D:4)
  39 orc wizards
  Robin (D:4)
  14 gnolls
  10 adders
  7 worms
  84 orcs
  7 endoplasms
  A giant cockroach (D:2)
  21 goblins
  18 hobgoblins
  8 jackals
  A quokka (D:1)
  10 ball pythons
  6 bats
  2 frilled lizards
  19 kobolds
  2 rats (D:1)
1255 creatures vanquished.

Vanquished Creatures (collateral kills)
  Saint Roka (Orc:2)
  Gastronok (Orc:1)
  Frances (D:13)
  A thorn hunter (Swamp:4)
  Agnes (Spider:2)
  2 emperor scorpions (Spider:3)
  2 vault wardens
  An ironbound preserver (Vaults:1)
  3 very ugly things
  An orc warlord (Orc:2)
  An eleionoma (Swamp:4)
  A white draconian (IceCv)
  3 dire elephants
  Snorg (D:12)
  An ettin (D:15)
  A great orb of eyes (shapeshifter) (Vaults:5)
  2 shambling mangroves
  3 hydras
  Fannar (Lair:3)
  A rakshasa (D:12)
  2 entropy weavers
  The ghost of cheesebisquit the Frost Mage, a journeyman MfIE of Gozag (D:12)
  5 vault guards
  2 peacekeepers
  An ice dragon (IceCv)
  2 radroaches
  A jorogumo (Spider:3)
  2 boulder beetles
  The ghost of Pooter the Cleaver, a novice MiBe of Trog (D:9)
  A tengu warrior (D:15)
  2 two-headed ogres
  2 alligators
  A skyshark (Lair:5)
  4 pharaoh ants
  3 goliath frogs
  8 deep trolls
  A spriggan druid (Swamp:4)
  2 ironbound convokers
  A wizard (D:14)
  A spectral hydra (Swamp:4)
  6 swamp dragons
  2 steelbarb worms (Swamp:2)
  A necromancer (D:15)
  2 orc knights (Orc:2)
  A deep elf pyromancer (D:14)
  2 wolf spiders
  2 orc sorcerers (Orc:2)
  A manticore (D:15)
  6 ugly things
  An oklob plant (Swamp:4)
  3 will-o-the-wisps
  11 elephants
  3 black mambas
  2 vault sentinels
  An orange demon (Lair:1)
  A water nymph (shapeshifter) (Vaults:5)
  5 rime drakes
  3 cane toads
  3 freezing wraiths (Swamp:3)
  3 komodo dragons
  A yaktaur (Vaults:2)
  5 polar bears
  3 trolls
  2 death drake zombies (Swamp:4)
  2 hydra skeletons (Swamp:4)
  7 tyrant leeches
  12 hornets
  2 tarantellas
  A dream sheep (Lair:5)
  2 snapping turtles (Lair:5)
  3 blink frogs (Lair:5)
  4 jumping spiders
  3 culicivoras
  10 slime creatures
  A spriggan (Swamp:1)
  5 wraiths
  15 yaks
  2 hogs (Swamp:3)
  A basilisk (Lair:3)
  7 vampire mosquitoes
  5 wargs
  11 redbacks
  9 swamp worms
  9 water moccasins
  A hydra simulacrum (Swamp:4)
  A swamp drake (Swamp:4)
  8 orc warriors (Orc:2)
  A swamp dragon zombie (Swamp:4)
  3 wolves
  An ogre (Orc:2)
  3 bullfrogs
  A human simulacrum (Vaults:3)
  4 orc priests (Orc:2)
  7 orc wizards (Orc:2)
  A worm (Spider:1)
  4 orcs
288 creatures vanquished.

Vanquished Creatures (others)
  A demonic crawler (Spider:4)
  A hornet (Swamp:4)
  2 bloated husks
  A dancing weapon (Orc:2)
  2 vampire mosquitoes (Swamp:1)
  A swamp drake (Swamp:1)
  An adder zombie (D:5)
  10 foxfires
19 creatures vanquished.

Grand Total: 1562 creatures vanquished

Notes
Turn   | Place    | Note
-------+----------+-------------------------------------------
     0 | D:1      | tizbic2 the Demonspawn Venom Mage began the quest for the
                  | Orb.
     0 | D:1      | Reached XP level 1. HP: 13/13 MP: 3/3
    53 | D:1      | Reached skill level 1 in Transmutations
   219 | D:1      | Gained mutation: You have a somewhat thin skeletal
                  | structure. (Dex +2, Stealth+) [demonic ancestry]
   219 | D:1      | Reached XP level 2. HP: 16/20 MP: 1/5
   413 | D:1      | Learned a level 2 spell: Poisonous Vapours
   722 | D:1      | Reached skill level 1 in Fighting
   730 | D:1      | Gained mutation: You have a moderately thin skeletal
                  | structure. (Dex +4, Stealth++) [demonic ancestry]
   730 | D:1      | Reached XP level 3. HP: 16/26 MP: 0/6
  1148 | D:2      | Reached skill level 1 in Evocations
  1281 | D:2      | Gained mutation: You are partially covered in sharp spines.
                  | [demonic ancestry]
  1281 | D:2      | Reached XP level 4. HP: 26/32 MP: 1/7
  1465 | D:2      | You fall into a shaft and drop 1 floor!
  1465 | D:3      | Found a sparkling altar of Nemelex Xobeh.
  1481 | D:3      | Reached skill level 1 in Staves
  1616 | D:3      | Reached skill level 1 in Air Magic
  1909 | D:3      | Gained mutation: You have an unnaturally thin skeletal
                  | structure. (Dex +6, Stealth+++) [demonic ancestry]
  1909 | D:3      | Reached XP level 5. HP: 27/37 MP: 6/8
  2627 | D:4      | Found Ycroujel's Elemental Accessories.
  2630 | D:4      | Noticed Natasha
  2645 | D:4      | Killed Natasha
  2715 | D:4      | Gained mutation: You have large cloven feet. [demonic
                  | ancestry]
  2715 | D:4      | Reached XP level 6. HP: 43/44 MP: 7/10
  2773 | D:4      | Noticed Natasha
  2787 | D:4      | Killed Natasha
  2937 | D:4      | Noticed Natasha
  2953 | D:4      | Killed Natasha
  2954 | D:4      | Reached skill level 1 in Armour
  2983 | D:4      | Noticed Robin
  3058 | D:4      | Killed Robin
  3130 | D:4      | Learned a level 1 spell: Shock
  3303 | D:4      | Found a shadowy altar of Dithmenos.
  3304 | D:4      | Found an ornate altar of the Wu Jian Council.
  3420 | D:4      | Reached XP level 7. HP: 51/51 MP: 5/11
  3438 | D:4      | Found Olouw's Distillery.
  3442 | D:4      | Bought a potion of mutation for 104 gold pieces
  3442 | D:4      | Gained mutation: You have hidden genetic potential. [potion
                  | of mutation]
  3442 | D:4      | Gained mutation: You expend magic power (3 MP) to
                  | strengthen your wands. [potion of mutation]
  3442 | D:4      | Gained mutation: You are agile. (Dex +4, Str/Int -1)
                  | [potion of mutation]
  3666 | D:5      | Entered Level 5 of the Dungeon
  3682 | D:5      | Found a runed translucent door.
  3683 | D:5      | Noticed Crazy Yiuf
  3691 | D:5      | Killed Crazy Yiuf
  3777 | D:5      | Found a sacrificial altar of Ru.
  3778 | D:5      | Found a shimmering altar of Xom.
  3800 | D:5      | Found a basalt altar of Yredelemnul.
  3801 | D:5      | Found an iron altar of Okawaru.
  3914 | D:5      | Found Omaawiel's Jewellery Boutique.
  4190 | D:5      | Found a broken altar of Ashenzari.
  4194 | D:5      | Saw a vision of the Swamp and the Spider Nest.
  4194 | D:5      | Noticed a bog body
  4194 | D:5      | Noticed an alligator
  4194 | D:5      | Noticed a steelbarb worm
  4194 | D:5      | Noticed a culicivora
  4194 | D:5      | Noticed a torpor snail
  4194 | D:5      | Noticed a redback
  4194 | D:5      | Noticed a jumping spider
  4194 | D:5      | Noticed a pharaoh ant
  4194 | D:5      | Noticed a steelbarb worm
  4194 | D:5      | Noticed a wolf spider
  4194 | D:5      | Noticed a culicivora
  4194 | D:5      | Noticed a jumping spider
  4194 | D:5      | Noticed a jumping spider
  4196 | D:5      | Noticed a wolf spider
  4197 | D:5      | Noticed a goliath frog
  4197 | D:5      | Noticed a tyrant leech
  4198 | D:5      | Noticed a vampire mosquito
  4219 | D:5      | Became a worshipper of Ashenzari the Shackled
  4615 | D:7      | Reached XP level 8. HP: 28/58 MP: 13/13
  4672 | D:7      | Noticed a hornet
  4679 | D:7      | Killed a hornet
  4680 | D:7      | Reached skill level 5 in Poison Magic
  4757 | D:6      | Found a staircase to the Ecumenical Temple.
  5204 | D:6      | Killed an unseen horror
  5587 | D:7      | Reached * piety under Ashenzari
  5662 | D:7      | Gained mutation: You have hoof-like feet. [demonic
                  | ancestry]
  5662 | D:7      | Reached XP level 9. HP: 67/67 MP: 8/16
  5701 | D:7      | Learned a level 4 spell: Olgreb's Toxic Radiance
  5706 | D:7      | Learned a level 4 spell: Airstrike
  5759 | D:7      | Reached skill level 5 in Air Magic
  5777 | D:7      | Gained mutation: Your flesh is heat resistant. (rF+)
                  | [hidden potential]
  6018 | D:5      | Bought an amulet of regeneration for 330 gold pieces
  6109 | D:7      | Reached ** piety under Ashenzari
  6477 | D:8      | Identified a scroll of acquirement
  6486 | D:8      | Acquired the ring of the Villain {rPois rC+ Will+ Str-3
                  | Int+4}
  6581 | D:8      | Found an opulent altar of Gozag.
  6934 | D:8      | Reached skill level 1 in Shields
  7148 | D:9      | Reached *** piety under Ashenzari
  7254 | D:9      | Noticed a kobold demonologist
  7256 | D:9      | Noticed a kobold demonologist
  7259 | D:9      | Noticed an ice devil
  7259 | D:9      | Killed a kobold demonologist
  7260 | D:9      | Reached skill level 1 in Earth Magic
  7260 | D:9      | Killed a kobold demonologist
  7261 | D:9      | Reached skill level 5 in Spellcasting
  7413 | D:9      | Found an ancient bone altar of Kikubaaqudgha.
  7431 | D:9      | Gained mutation: You sometimes gain a little power by
                  | taking damage. [demonic ancestry]
  7431 | D:9      | Reached XP level 10. HP: 59/79 MP: 6/20
  7574 | D:9      | Noticed a two-headed ogre
  7580 | D:9      | Killed a two-headed ogre
  7581 | D:9      | Reached skill level 5 in Fighting
  7594 | D:9      | Gained mutation: You are partially covered in large bone
                  | plates. (SH +4) [hidden potential]
  7594 | D:9      | Lost mutation: You have hidden genetic potential. [hidden
                  | potential expressed]
  7850 | D:9      | Reached **** piety under Ashenzari
  7937 | D:9      | Found Gyschacs's Magic Scroll Emporium.
  8135 | D:9      | Learned a level 4 spell: Summon Lightning Spire
  8137 | D:9      | Noticed a death knight
  8148 | D:9      | Found a transporter.
  8151 | D:9      | Found a transporter.
  8153 | D:9      | Noticed Pooter's ghost (novice MiBe)
  8531 | D:10     | Entered Level 10 of the Dungeon
  8554 | D:10     | Learned a level 2 spell: Static Discharge
  8642 | D:10     | Reached skill level 5 in Staves
  8642 | D:10     | Gained mutation: You are mostly covered in sharp spines.
                  | [demonic ancestry]
  8642 | D:10     | Reached XP level 11. HP: 89/89 MP: 18/24
  8802 | D:10     | Learned a level 5 spell: Lee's Rapid Deconstruction
  9119 | D:11     | Noticed Sonja
  9131 | D:11     | Killed Sonja
  9135 | D:11     | Reached skill level 5 in Evocations
  9185 | D:11     | Gained mutation: You have hooves in place of feet. [demonic
                  | ancestry]
  9185 | D:11     | Reached XP level 12. HP: 86/97 MP: 2/25
  9392 | D:11     | Learned a level 6 spell: Summon Cactus Giant
  9559 | D:11     | Noticed a tengu warrior
  9570 | D:11     | Killed a tengu warrior
  9635 | D:11     | Found a staircase to the Lair.
 10028 | D:12     | Reached skill level 5 in Summonings
 10053 | D:12     | Found a staircase to the Orcish Mines.
 10102 | D:12     | Noticed a two-headed ogre
 10108 | D:12     | Killed a two-headed ogre
 10236 | D:12     | Noticed a two-headed ogre
 10262 | D:12     | Killed a two-headed ogre
 10356 | D:12     | Noticed an eight-headed hydra
 10392 | D:12     | Noticed a rakshasa
 10393 | D:12     | Found a runed translucent gate.
 10394 | D:12     | Found a runed translucent gate.
 10395 | D:12     | Found a runed translucent gate.
 10395 | D:12     | Noticed cheesebisquit's ghost (journeyman MfIE)
 10465 | D:12     | Reached ***** piety under Ashenzari
 10551 | D:12     | Noticed a two-headed ogre
 10555 | D:12     | Killed a two-headed ogre
 10650 | D:12     | Noticed a boulder beetle
 10659 | D:12     | Killed a boulder beetle
 10695 | D:12     | Reached skill level 5 in Earth Magic
 10745 | D:13     | Noticed Maurice
 10748 | D:13     | Noticed a two-headed ogre
 10754 | D:13     | Killed Maurice
 10763 | D:13     | Killed a two-headed ogre
 10795 | D:13     | Noticed a seven-headed hydra
 10807 | D:13     | Killed a seven-headed hydra
 10916 | D:13     | Found a snail-covered altar of Cheibriados.
 10924 | D:13     | Reached XP level 13. HP: 106/106 MP: 9/27
 10924 | D:13     | Noticed Josephine
 10934 | D:13     | Killed Josephine
 11071 | D:13     | Learned a level 5 spell: Summon Mana Viper
 11124 | D:13     | Found a gate to the Vaults.
 11124 | D:13     | Noticed Frances
 11138 | D:13     | Killed Frances
 11391 | D:13     | Identified the +1 robe of the Game of Life {Harm Rampage
                  | *Corrode SInv}
 11705 | D:14     | Reached ****** piety under Ashenzari
 11914 | D:14     | Learned a level 3 spell: Tukima's Dance
 11961 | D:14     | Found Hastui's Weapon Shoppe.
 12127 | D:15     | Entered Level 15 of the Dungeon
 12186 | D:15     | Found a shimmering altar of Xom.
 12644 | D:15     | Noticed an ettin
 12650 | D:15     | Killed an ettin
 12825 | D:15     | Found a staircase to the Depths.
 12920 | Orc:1    | Entered Level 1 of the Orcish Mines
 12920 | Orc:1    | Noticed Snorg
 12960 | D:12     | Killed Snorg
 13071 | Orc:1    | Found Wucli's Assorted Antiques.
 13121 | Orc:2    | Entered Level 2 of the Orcish Mines
 13130 | Orc:2    | Noticed an ettin
 13140 | Orc:2    | Killed an ettin
 13235 | Orc:2    | Gained mutation: You are completely covered in sharp
                  | spines. [demonic ancestry]
 13235 | Orc:2    | Reached XP level 14. HP: 118/118 MP: 24/30
 13371 | Orc:2    | Noticed Saint Roka
 13388 | Orc:2    | Killed Saint Roka
 13524 | Orc:2    | Found a runed translucent gate.
 13533 | Orc:2    | Found a runed translucent gate.
 13533 | Orc:2    | Found a runed translucent gate.
 13534 | Orc:2    | Found an opulent altar of Gozag.
 13534 | Orc:2    | Found Omeuva's Assorted Antiques.
 13561 | Orc:2    | Found Porcheh Xuurr's Assorted Antiques.
 13561 | Orc:2    | Noticed Brutalitops's ghost (adept AtHs)
 13578 | Orc:2    | Found a staircase to the Elven Halls.
 13812 | Orc:2    | Noticed an orc warlord
 14124 | Orc:1    | Noticed Gastronok
 14135 | Orc:1    | Killed Gastronok
 14144 | Orc:1    | Found Siesiang's Antique Weapon Shop.
 14243 | Orc:2    | Killed an orc warlord
 14489 | Orc:2    | Found Ziwyl's General Store.
 14494 | Orc:2    | Found Laizin's Antique Armour Shoppe.
 14494 | Orc:2    | Found Xaxzo's Jewellery Shoppe.
 14494 | Orc:2    | Found Anappen's Antique Weapon Emporium.
 14621 | Orc:2    | Killed Brutalitops's ghost
 15011 | D:9      | Killed Pooter's ghost
 15226 | D:12     | Killed cheesebisquit's ghost
 15419 | Lair:1   | Entered Level 1 of the Lair of Beasts
 15556 | Lair:1   | Identified the +0 dagger of Bulasas {drain, Str+6 Dex+3}
 15566 | Lair:1   | Upgraded the game from 0.30.0-18-gc0e69614cb to
                  | 0.30.0-19-g36f170ea60
 16065 | Lair:1   | Noticed Amaemon
 16083 | Lair:1   | Killed Amaemon
 16591 | Lair:2   | Reached skill level 1 in Necromancy
 16591 | Lair:2   | Gained mutation: You are robust. (+10% HP) [demonic
                  | ancestry]
 16591 | Lair:2   | Reached XP level 15. HP: 120/138 MP: 26/33
 16670 | Lair:2   | Identified the +11 glaive of the Blind Eye {heavy, rElec
                  | rF+++ Str+3 Int-5}
 16894 | Lair:2   | Reached skill level 10 in Summonings
 16958 | Lair:2   | Found a staircase to the Swamp.
 17007 | Lair:2   | Learned a level 4 spell: Dispel Undead
 17386 | Lair:3   | Found a hole to the Spider Nest.
 17421 | Lair:3   | Noticed Fannar
 17431 | Lair:3   | Killed Fannar
 17432 | Lair:3   | Reached skill level 10 in Poison Magic
 17889 | Lair:3   | Noticed Rupert
 17912 | Lair:3   | Killed Rupert
 17913 | Lair:3   | Reached skill level 5 in Shields
 18245 | Lair:4   | Reached skill level 10 in Spellcasting
 18543 | Lair:4   | Found a viscous altar of Jiyva.
 18543 | Lair:4   | Found a staircase to the Slime Pits.
 18604 | Lair:4   | Reached skill level 10 in Fighting
 18809 | Lair:5   | Entered Level 5 of the Lair of Beasts
 18822 | Lair:5   | Reached skill level 10 in Air Magic
 18973 | Lair:5   | Reached XP level 16. HP: 146/147 MP: 12/35
 19161 | Lair:5   | Found the +7 captain's cutlass {speed, disarm}
 19313 | Lair:5   | Identified the +0 falchion "Vetwevatro" {flame, Str+3
                  | Dex+3}
 19325 | Lair:5   | Reached skill level 5 in Dodging
 19746 | Orc:2    | Bought the +2 shield of Resistance {rF++ rC++ Will++} for
                  | 2044 gold pieces
 19746 | Orc:2    | Found the +2 shield of Resistance {rF++ rC++ Will++}
 19966 | Lair:5   | Identified the +8 spear of Kuscho {venom, Fragile Int+3
                  | Dex+5}
 20609 | Swamp:1  | Entered Level 1 of the Swamp
 20820 | Swamp:1  | Identified the ring of Jawk {Wiz Int+3 Dex+7}
 20925 | Swamp:1  | Noticed Aizul
 20941 | Swamp:1  | Killed Aizul
 20944 | Swamp:1  | Reached skill level 5 in Necromancy
 21505 | Swamp:2  | Noticed Donald
 21520 | Swamp:2  | Killed Donald
 21571 | Swamp:2  | Noticed a thorn hunter
 21590 | Swamp:2  | Killed a thorn hunter
 22225 | Swamp:3  | Identified the +2 plate armour of Mowke {-Cast Str+7
                  | Slay+4}
 22285 | Swamp:3  | Found a frozen archway.
 22285 | Swamp:3  | Noticed Kirke
 22299 | Swamp:3  | Killed Kirke
 22305 | IceCv    | Entered an ice cave
 22408 | IceCv    | Gained mutation: You sometimes gain power by taking damage.
                  | [demonic ancestry]
 22408 | IceCv    | Reached XP level 17. HP: 156/156 MP: 34/37
 22800 | IceCv    | Noticed a shard shrike
 22815 | IceCv    | Identified the +6 mace of the World {spect, rN+++ Will+
                  | Int-5 Dex+2}
 22847 | IceCv    | Killed a shard shrike
 22914 | IceCv    | Found the +2 Maxwell's thermic engine {flame, freeze, rev}
 22915 | IceCv    | Identified the ring "Leapac" {Fly rElec rF- rC+ SInv}
 22916 | IceCv    | Identified the +2 flail "Demon's Peril" {protect, *Corrode
                  | Int+3 SInv}
 23280 | Swamp:4  | Entered Level 4 of the Swamp
 23586 | Swamp:4  | Reached skill level 1 in Long Blades
 23645 | Swamp:4  | Reached skill level 10 in Evocations
 23694 | Swamp:4  | Reached skill level 1 in Conjurations
 24127 | Swamp:4  | Found a blossoming altar of Fedhas.
 24202 | Swamp:4  | Got a decaying rune of Zot
 24220 | Swamp:4  | Found a basalt altar of Yredelemnul.
 24662 | Spider:1 | Entered Level 1 of the Spider Nest
 25237 | Spider:1 | Reached XP level 18. HP: 168/168 MP: 34/39
 26203 | Spider:3 | Noticed Agnes
 26220 | Spider:2 | Killed Agnes
 26603 | Spider:3 | Paralysed by a jorogumo for 2 turns
 26739 | Spider:3 | Noticed Arachne
 26764 | Spider:3 | Killed Arachne
 27375 | Spider:4 | Entered Level 4 of the Spider Nest
 27606 | Spider:4 | Learned a level 3 spell: Ignite Poison
 27618 | Spider:4 | Reached skill level 5 in Conjurations
 27826 | Spider:4 | Noticed Nikola
 27855 | Spider:4 | Killed Nikola
 28138 | Spider:4 | Reached skill level 5 in Transmutations
 28146 | Spider:4 | Gained mutation: You are very robust. (+20% HP) [demonic
                  | ancestry]
 28146 | Spider:4 | Reached XP level 19. HP: 170/193 MP: 17/41
 28791 | Spider:4 | Got a gossamer rune of Zot
 29219 | Vaults:1 | Entered Level 1 of the Vaults
 29436 | Vaults:1 | Noticed Zenata
 29438 | Vaults:1 | Zenata changed into Zenata the sphinx
 29438 | Vaults:1 | Noticed Zenata
 29448 | Vaults:1 | Killed Zenata the sphinx
 29749 | Vaults:1 | Learned a level 8 spell: Maxwell's Capacitive Coupling
 30429 | Vaults:1 | Found Xoluim's Weapon Boutique.
 30861 | Vaults:2 | Reached skill level 5 in Long Blades
 31327 | Vaults:2 | Reached XP level 20. HP: 170/201 MP: 20/42
 31508 | Vaults:2 | Acquired 742 gold pieces
 31991 | Vaults:2 | Identified the +5 ring mail of the Shimmering Gods {rN+
                  | Regen+ Str-5 SInv}
 33434 | Vaults:3 | Found a staircase to the Crypt.
 34353 | Vaults:4 | Gained mutation: You are powered by pain. [demonic
                  | ancestry]
 34353 | Vaults:4 | Reached XP level 21. HP: 162/210 MP: 41/44
 34487 | Vaults:5 | Entered Level 5 of the Vaults
 34499 | Vaults:5 | Identified the Vellum of Massed Unhallowed Secrets
 34721 | Vaults:5 | Got a silver rune of Zot
 34818 | Vaults:5 | HP: 10/207 [shadow dragon (5)]
 34818 | Vaults:5 | Demolished by a vault warden

Illustrated notes

Levels and vault maps discovered:
D:1:      minmay_arrival_floating_metal, layout_rooms, minmay_pentomino_z4
D:2:      layout_basic
D:3:      cheibrodos_greedy_goblins, layout_loops_cross,
          nemelex_diamond_rough_becter, grunt_ministairs_3
D:4:      layout_basic, old_standard_altar, gammafunk_temple_overflow_pools,
          serial_shops, shop, nicolae_elemental_shop, uniq_natasha, uniq_robin
D:5:      layout_basic, grunt_ashenzari_visionary
          [grunt_ashenzari_visionary_swamp, grunt_ashenzari_visionary_spider],
          chequers_temple_overflow_statue_of_worship, serial_shops, shop,
          uniq_crazy_yiuf_cottage
D:6:      layout_cave_pools, minmay_temple_entry_mini_moons,
          nicolae_water_bricks, nicolae_underground_beach
D:7:      layout_cave_pools
D:8:      layout_cave_pods, mainiacjoe_overflow_surrounded_room
D:9:      layout_basic, nicolae_kikubaaqudgha_miasma_corner, serial_shops,
          nicolae_shop_peninsula, gammafunk_ghost_arena, grunt_ministairs_11,
          st_stairs_1
D:10:     layout_basic, skrybe_limestone_x, chequers_mini_garden
D:11:     layout_loops_ring, lair_entry_dummy, special_room [special_room_bee],
          uniq_sonja
D:12:     layout_basic, gammafunk_ghost_split
D:13:     layout_basic, david_vaults_1, serial_curves, eino_curves_02,
          eino_curves_02, dreamdust_mushroom_princess,
          chequers_serial_rivers_large_b, cheibriados_altar_1, uniq_josephine,
          uniq_maurice, uniq_frances
D:14:     layout_irregular_city, serial_shops, kennysheep_mini_moat
D:15:     hangedman_depths_entry_civil_slaughter, layout_loops_ring,
          lemuel_crystal_altar, minmay_stone_trees_small
Lair:1:   layout_layer_cave, uniq_amaemon
Lair:2:   layout_long_grid, minmay_swamp_entry_worms, minmay_lindwurm_lava
Lair:3:   layout_long_grid, hellmonk_spider_entry_not_the_bees, uniq_rupert,
          uniq_fannar
Lair:4:   layout_hall_layers, slime_entry_1, grunt_megastairs_2
Lair:5:   gammafunk_lair_ancient_temple, layout_loops_ring, wad_woods_river_02,
          small_statue_intersection, st_stairs_11, worms_lemuel
Swamp:1:  layout_basic_swamp, evilmike_swamp_ruin_rubble_2,
          infiniplex_staircase_pool_2, uniq_aizul
Swamp:2:  layout_basic_swamp, evilmike_swamp_ruin_rubble_1, swamp_pool4,
          nicolae_swamp_vermiculated, uniq_donald
Swamp:3:  layout_basic_swamp, portal_ice_cave_entry_horrid_things,
          evilmike_swamp_ruin_house_4, uniq_kirke
Swamp:4:  byrel_swamp_growth_death_and_undeath, layout_basic_swamp, swamp_pool1
Spider:1: layout_spider_delve, hive_lemuel
Spider:2: layout_spider_delve
Spider:3: spiders_nest_scorpion_pit, nicolae_spider_jagged_tunnels, uniq_agnes,
          uniq_arachne
Spider:4: guppyfry_spider_rune, uniq_nikola
Orc:1:    layout_diamond_mine, serial_shops, shop, shop, nooodl_orcs_dogs,
          uniq_snorg, uniq_gastronok
Orc:2:    st_orc_congregation, layout_diamond_mine, ebering_ghost_gozag,
          uniq_saint_roka
Vaults:1: hangedman_vaults_slither, hangedman_vaults_snaps, v_pattern_3,
          layout_vaults_omnigrid, serial_shops, nicolae_shop_statue_plus,
          uniq_zenata
Vaults:2: ontoclasm_vaults_twist, nicolae_vaults_statue_guard,
          nicolae_vaults_trapezoid_4, nicolae_vaults_heart-shaped_vault,
          nicolae_vaults_tetromino_T_2, ontoclasm_vaults_chip,
          hangedman_vaults_stretched_pinwheel, ontoclasm_vaults_idyll,
          v_misc_30, nicolae_vaults_tetromino_Z_2, layout_vaults_big_room
Vaults:3: minmay_crypt_entry_simple_plaza, v_misc_5,
          nicolae_vaults_tetromino_T_1, grunt_vaults_focal,
          nicolae_vaults_storage_closets_3, hangedman_vaults_stream,
          vaults_room_stairs_pillars, nicolae_vaults_doubleplus_tesselated,
          nicolae_vaults_double_plus_2, nicolae_vaults_ring_of_whatevers,
          layout_vaults_ring
Vaults:4: nicolae_vaults_offset_grid_hallway_3, nicolae_vaults_little_squares_5,
          nicolae_vaults_swerve, nicolae_vaults_theta, hangedman_vaults_stagger,
          grunt_vaults_funnel, nicolae_vaults_diamond_2, hangedman_vaults_slice,
          nicolae_vaults_prndl, v_misc_33, nicolae_vaults_house_2,
          dpeg_vaults_monster_row, nicolae_vaults_surprise_closet_hard,
          vaults_room_hallway, layout_vaults_maze
Vaults:5: serial_shops, uniq_jory

Skill      XL: |  1  2  3  4  5  6  7  8  9 10 11 12 13 14 15 16 17 18 19 20 21 |
---------------+----------------------------------------------------------------+-----
Transmutations | 1 2 5 6 7 |  7.9
Dodging        | 2 3 4 5 6 7 8 9 |  9.2
Fighting       | 1 2 3 4 6 7 8 9 10 11 12 13 | 13.0
Evocations     | 1 3 4 5 6 7 8 9 10 11 12 | 12.2
Staves         | 1 2 3 4 5 6 7 |  7.8
Air Magic      | 1 2 3 4 6 7 8 9 10 11 12 | 12.6
Stealth        | 2 |  2.7
Poison Magic   | 4 5 6 7 8 9 10 11 | 11.5
Armour         | 1 2 3 |  3.7
Spellcasting   | 3 4 5 6 7 8 9 10 11 12 13 14 | 14.7
Shields        | 2 3 4 5 6 7 8 9 |  9.7
Earth Magic    | 1 3 4 5 6 |  6.9
Hexes          | 3 |  3.9
Summonings     | 3 4 6 8 9 11 12 13 14 | 14.5
Necromancy     | 1 4 5 6 7 |  7.0
Long Blades    | 2 4 5 6 |  6.6
Conjurations   | 2 5 7 8 |  8.5

Action                     |  1- 3 |  4- 6 |  7- 9 | 10-12 | 13-15 | 16-18 | 19-21 || total
---------------------------+-------+-------+-------+-------+-------+-------+-------++-------
  Melee: Staff             |    97 |    53 |   108 |   207 |   560 |  1100 |   773 ||  2898
         Unarmed           |     6 |     3 |       |       |       |       |       ||     9
         Dagger            |    18 |    12 |    12 |     3 |       |       |       ||    45
         Short sword       |       |    33 |       |       |       |       |       ||    33
         Kick              |       |    15 |    54 |    88 |   249 |   466 |   442 ||  1314
         Quarterstaff      |       |       |    11 |       |       |       |       ||    11
         Punch             |       |       |     4 |       |       |       |       ||     4
   Cast: Sting             |    34 |    19 |    20 |     1 |       |       |       ||    74
         Poisonous Vapours |    12 |    36 |    26 |    18 |    53 |    73 |    45 ||   263
         Shock             |       |     6 |    16 |    28 |     2 |       |       ||    52
         Olgreb's Toxic Ra |       |       |    11 |    26 |    66 |    88 |    72 ||   263
         Airstrike         |       |       |     9 |    21 |    24 |    27 |     4 ||    85
         Summon Lightning  |       |       |       |     7 |    25 |    32 |    22 ||    86
         Static Discharge  |       |       |       |     3 |       |       |       ||     3
         Lee's Rapid Decon |       |       |       |     4 |     4 |     2 |    11 ||    21
         Summon Cactus Gia |       |       |       |     5 |    42 |    46 |    43 ||   136
         Summon Mana Viper |       |       |       |       |    21 |    20 |     6 ||    47
         Tukima's Dance    |       |       |       |       |     9 |       |     4 ||    13
         Dispel Undead     |       |       |       |       |       |    10 |    12 ||    22
         Ignite Poison     |       |       |       |       |       |     6 |    36 ||    42
         Maxwell's Capacit |       |       |       |       |       |       |     1 ||     1
 Invoke: Curse Item        |       |       |     5 |     3 |     2 |     2 |     1 ||    13
         Shatter the Chain |       |       |       |     1 |       |     2 |     1 ||     4
  Evoke: Wand              |       |       |       |     1 |     1 |     4 |     2 ||     8
    Use: Scroll            |     3 |       |     7 |     1 |     4 |     2 |     6 ||    23
         Potion            |       |       |     4 |     1 |     1 |     2 |     9 ||    17
   Stab: Sleeping          |     7 |     6 |     4 |     3 |     7 |     6 |     4 ||    37
         Distracted        |       |       |     1 |     1 |     5 |    18 |     8 ||    33
 Armour: Leather armour    |    29 |    14 |    30 |       |       |       |       ||    73
         Robe              |     2 |     3 |    38 |    79 |   173 |   283 |   172 ||   750
         Ring mail         |       |       |     5 |       |       |       |       ||     5
  Dodge: Dodged            |    88 |    52 |    83 |   105 |   286 |   563 |   481 ||  1658
  Block: Buckler           |       |       |       |   102 |   333 |    39 |       ||   474
         Other             |       |       |       |     1 |       |       |       ||     1
         Kite shield       |       |       |       |       |       |  1141 |   900 ||  2041
